 Dungeon Crawl Stone Soup version 0.19.5 (webtiles) character file.

62 devil0150 the Magician (level 3, 0/21 HPs)
             Began as a High Elf Wizard on Apr 10, 2017.
             Killed by nerve-wracking pain
             ... invoked by Jessica
              (9 damage)
             ... on level 2 of the Dungeon.
             The game lasted 00:05:01 (1530 turns).

devil0150 the Magician (High Elf Wizard)            Turns: 1530, Time: 00:05:01

Health: 0/21       AC:  3    Str:  6    XL:     3   Next: 85%
Magic:  10/10      EV: 13    Int: 22    God:
Gold:   61         SH:  0    Dex: 14    Spells: 2 memorised, 7 levels left

rFire  . . .     SeeInvis .     k - +0 dagger
rCold  . . .     Gourm    .     a - +0 robe
rNeg   . . .     Faith    .     (no shield)
rPois  .         Spirit   .     b - +1 hat
rElec  .         Reflect  .     (no cloak)
rCorr  .         Harm     .     (no gloves)
MR     .....                    (no boots)
Stlth  ++........               (no amulet)
                                (no ring)
                                (no ring)

@: no status effects
A: no striking features
a: no special abilities


You were on level 2 of the Dungeon.
You were not hungry.

You visited 1 branch of the dungeon, and saw 2 of its levels.

You collected 61 gold pieces.

Inventory:

Hand Weapons
 k - a +0 dagger (weapon)
Armour
 a - a +0 robe (worn)
 b - a +1 hat (worn)
Scrolls
 l - 2 scrolls of identify
Potions
 e - a potion of curing {unknown}
 h - 2 potions of agility
 i - a potion of ambrosia {unknown}
 j - a potion of beneficial mutation {unknown}
Books
 c - a book of Minor Magic

   Spells                             Type                      Level
   a - Magic Dart                     Conjuration                  1
   b - Blink                          Translocation                2
   c - Call Imp                       Summoning                    2
   d - Repel Missiles                 Charms/Air                   2
   e - Slow                           Hexes                        2
   f - Conjure Flame                  Conjuration/Fire             3
   g - Mephitic Cloud                 Conjuration/Poison/Air       3
Comestibles
 d - a bread ration
 f - 2 chunks of flesh
 g - a meat ration


   Skills:
 + Level 2.7 Dodging
 + Level 2.6 Stealth
 + Level 4.9 Spellcasting
 + Level 1.4 Conjurations
   Level 0.8 Summonings
   Level 1.1 Translocations


You had 7 spell levels left.
You knew the following spells:

 Your Spells              Type           Power        Failure   Level  Hunger
a - Magic Dart            Conj           ##..         8%          1    None
b - Mephitic Cloud        Conj/Pois/Air  #.......     28%         3    ##.....


Dungeon Overview and Level Annotations

Branches:
Dungeon (2/15)

Altars:

Annotations:
D:2 Jessica


Message History

This raw flesh tastes terrible.
You start resting.
Magic restored.
You start resting.
Some of the chunks of flesh in your inventory have rotted away.
HP restored.
There is a stone staircase leading down here.
You climb downwards.
Level annotation: Jessica The ooze hits you.
Jessica mumbles some strange words.
Jessica seems to speed up.
The ooze closely misses you.
There is a stone staircase leading up here.
Jessica mumbles some strange words.
Jessica blinks!
The ooze closely misses you. Jessica gestures at you while chanting.
Pain shoots through your body! The ooze hits you. Jessica casts a spell at you.
Pain shoots through your body!
You die...

#.####.#....#.##.## #.#
#.#.....# #.## #.#
#.###.#.# #.## #.# #.#
#.#.# #.## #.# #.#
#.#.###.## #.#
#.###.#.#..... ##.##
#.......ยง.....
#####...#######...#.####
..[....@.######.....####
#####......@......####..
##....J.<..#.## #.#
#########.#.# #.# #.#.#
#.. #.#.# ### #.#.# #
..#.# # ### #


You could see an ooze and Jessica.

Vanquished Creatures
  4 adders
  2 dart slugs (D:1)
  A leopard gecko (D:2)
  A hobgoblin (D:1)
  3 bats
  2 frilled lizards (D:1)
  3 goblins (D:1)
  4 kobolds
  7 rats
27 creatures vanquished.

Notes
Turn   | Place    | Note
-------+----------+-------------------------------------------
     0 | D:1      | devil0150 the High Elf Wizard began the quest for the Orb.
     0 | D:1      | Reached XP level 1. HP: 11/11 MP: 6/6
   305 | D:1      | Reached skill level 4 in Spellcasting
   416 | D:1      | Reached XP level 2. HP: 17/17 MP: 6/8
   845 | D:2      | Noticed Jessica
  1010 | D:2      | Reached XP level 3. HP: 19/21 MP: 5/9
  1375 | D:2      | Learned a level 3 spell: Mephitic Cloud
  1530 | D:2      | Killed from afar by Jessica

Skill      XL: |  1 |
---------------+----+-----
Spellcasting   | 4 |  4.9
Dodging        | |  2.7
Stealth        | |  2.6
Conjurations   | |  1.4
Summonings     | |  0.8
Translocations | |  1.1

Action                   || total
-------------------------++-------
Melee: Unarmed           ||     9
       Dagger            ||     3
 Cast: Magic Dart        ||    69
       Mephitic Cloud    ||     1
  Use: Scroll            ||     4
  Eat: Chunk             ||     2
Armor: Robe              ||    10
Dodge: Dodged            ||    26
